 Dungeon Crawl Stone Soup version 0.21.1-1-g345015fe64 (webtiles) character file.

51 JarielCorvus the Magician (level 3, -1/19 HPs)
             Began as a Deep Elf Venom Mage on June 30, 2018.
             Was a Follower of Qazlal.
             Slain by Terence
             ... wielding a +2 flail of protection
              (13 damage)
             ... on level 2 of the Dungeon.
             The game lasted 00:04:07 (1813 turns).

JarielCorvus the Magician (Deep Elf Venom Mage)     Turns: 1813, Time: 00:04:08

Health: -1/19      AC:  2    Str:  5    XL:     3   Next: 58%
Magic:  8/10       EV: 13    Int: 20    God:    Qazlal [*.....]
Gold:   73         SH:  1    Dex: 15    Spells: 7/10 levels left

rFire    . . .     SeeInvis .   (no weapon)
rCold    . . .     Gourm    .   (no shield)
rNeg     . . .     Faith    .   a - +0 robe
rPois    .         Spirit   .   (no helmet)
rElec    .         Reflect  .   (no cloak)
rCorr    .         Harm     .   (no gloves)
MR       .....                  (no boots)
Stlth    ++........             (no amulet)
HPRegen  0.06/turn              (no ring)
MPRegen  0.12/turn              (no ring)

@: no status effects
A: no striking features
a: Renounce Religion


You were on level 2 of the Dungeon.
You worshipped Qazlal.
Qazlal was aware of your devotion.
You were hungry.

You visited 1 branch of the dungeon, and saw 2 of its levels.

You collected 73 gold pieces.

Inventory:

Missiles
 d - 3 javelins of returning (quivered)
Armour
 a - a +0 robe (worn)
Scrolls
 f - 2 scrolls of remove curse
 g - 2 scrolls of identify
 h - a scroll of fear {unknown}
 k - a scroll of immolation {unknown}
Potions
 e - a potion of mutation {unknown}
 i - a potion of flight {unknown}
 j - 2 potions of curing {unknown}
Books
 b - a Young Poisoner's Handbook

   Spells                             Type                      Level
   a - Sting                          Conjuration/Poison           1
   b - Poisonous Vapours              Poison/Air                   2
   c - Mephitic Cloud                 Conjuration/Poison/Air       3
   d - Olgreb's Toxic Radiance        Poison                       4
   e - Venom Bolt                     Conjuration/Poison           5
Comestibles
 c - 6 rations


   Skills:
 - Level 2.4 Dodging
 - Level 2.4 Stealth
 * Level 4.4 Spellcasting
 + Level 2.1 Conjurations
 + Level 3.8 Poison Magic


You had 7 spell levels left.
You knew the following spells:

 Your Spells              Type           Power        Failure   Level  Hunger
a - Sting                 Conj/Pois      ###.         3%          1    None
b - Poisonous Vapours     Pois/Air       ##....       9%          2    #......


Dungeon Overview and Level Annotations

Branches:
Dungeon (2/15)

Altars:
Okawaru
Qazlal

Annotations:
D:2 Terence


Message History

Aim: Terence, wielding a flail of protection and wearing a scale mail You throw a javelin of returning.
The javelin of returning hits Terence but does no damage.
The javelin of returning fails to return to your pack!
Terence hits you with a flail of protection!
Casting: Sting
Confirm with . or Enter, or press ? or * to list all spells.
Aiming: Sting
Press: ? - help, Shift-Dir - straight line, f/p - Terence
Aim: Terence, wielding a flail of protection and wearing a scale mail The sting hits Terence.
Terence appears unharmed.
Casting: Sting
Confirm with . or Enter, or press ? or * to list all spells.
Aiming: Sting
Press: ? - help, Shift-Dir - straight line, f/p - Terence
Aim: Terence, wielding a flail of protection and wearing a scale mail The sting hits Terence.
Terence appears unharmed.
Terence hits you with a flail of protection!
Ouch! That really hurt!
You die...

#.# #....# ############ ♣.PP.
#.# #....# ######### ####' #.#
#....# #.......# #.8..
#.###....#####.......# #....
#...'.......##.......# ###..P.
#####................# #.###..
#####............# #....###
#######............####.##....
#............@.....#..........
#.....(.....#@###### #.♣.♣.#..
#.......#####.# ........)
######### #.# ##.♣.♣.♣.♣.# #..
......_....# ### #..♣.♣.♣.♣.#
...........# #.#.♣.♣.#.#
..........#


You could see Terence.

Vanquished Creatures
  A gnoll (D:1)
  An adder (D:2)
  A dart slug (D:1)
  2 giant cockroaches (D:1)
  4 goblins (D:1)
  7 hobgoblins
  2 jackals (D:2)
  A quokka (D:2)
  2 bats (D:1)
  2 frilled lizards
  4 kobolds
  2 rats
29 creatures vanquished.

Notes
Turn   | Place    | Note
-------+----------+-------------------------------------------
     0 | D:1      | JarielCorvus the Deep Elf Venom Mage began the quest for the Orb.
     0 | D:1      | Reached XP level 1. HP: 10/10 MP: 6/6
   307 | D:1      | Reached XP level 2. HP: 9/15 MP: 0/8
   849 | D:1      | Reached skill level 4 in Spellcasting
   857 | D:1      | Learned a level 2 spell: Poisonous Vapours
   974 | D:1      | Reached XP level 3. HP: 19/19 MP: 5/10
  1527 | D:2      | Found an iron altar of Okawaru.
  1606 | D:2      | Found a faded altar of an unknown god.
  1614 | D:2      | Became a worshipper of Qazlal Stormbringer
  1614 | D:2      | Reached * piety under Qazlal
  1810 | D:2      | Noticed Terence
  1813 | D:2      | Slain by Terence

Skill      XL: |  1  2  3 |
---------------+----------+-----
Spellcasting   | 4 |  4.4
Conjurations   | 2 |  2.1
Dodging        | |  2.4
Stealth        | |  2.4
Poison Magic   | |  3.8

Action                   || total
-------------------------++-------
Throw: Javelin           ||    31
 Cast: Sting             ||    46
       Poisonous Vapours ||     2
  Use: Scroll            ||     3
  Eat: Chunk             ||     2
Armor: Robe              ||     4
Dodge: Dodged            ||    15
